cohdb
Replays
Latest Replays
All Replays
Popular Replays
Top Player Replays
Match Explorer
How It Works
Community
CoH3 Stats
Reddit
Sign in to upload your games and track your stats! →
Sign in with Steam
Match 41962442
Unlisted
Match 41962442
Overview
Messages
Build Orders
End
Selects Heavy Weapons
Construct Weapon Support Center
Engineer Squad
M1919 Machine Gun Team
Bazooka Squad
Mechanized Support Center
M3 Armored Personnel Carrier
Selects Assault Carriers
M3 Assault Carrier
M1919 Machine Gun Team
M3 Assault Carrier
Construct Motor Pool
Selects M2HB .50cal Heavy Machine Gun
Engineer Squad
M1 Anti-tank Gun Team
Selects Halftrack Strongpoints
Halftrack Strongpoints
Construct Tank Depot
Valten
Fuerza y Honor
Reaper
Songsky98
Dawes
Rinzler
Whitent
Yami
0
0
Comments
sign in to comment!
No comments posted yet!